 Dungeon Crawl Stone Soup version 0.24.0-123-gd5b16e6ec5 (webtiles) character file.

Game seed: 14711058135546800990, levelgen mode: deterministic

25 Amplified the Sneak (level 3, -2/33 HPs)
             Began as a Naga Assassin on Jan 26, 2020.
             Killed from afar by a dart slug (5 damage)
             ... with a slug dart
             ... on level 2 of the Dungeon.
             The game lasted 00:02:34 (1069 turns).

Amplified the Sneak (Naga Assassin)                 Turns: 1069, Time: 00:02:34

Health: -2/33      AC:  3    Str: 13    XL:     3   Next: 4%
Magic:  3/3        EV:  9    Int: 22    God:
Gold:   68         SH:  0    Dex: 17    Spells: 2/2 levels left

rFire    . . .     SeeInvis +   a - +2 dagger
rCold    . . .     Gourm    .   (no shield)
rNeg     . . .     Faith    .   b - +0 robe
rPois    +         Spirit   .   (no helmet)
rElec    .         Reflect  .   c - +0 cloak
rCorr    .         Harm     .   (no gloves)
MR       .....                  (no barding)
Stlth    +++.......             (no amulet)
HPRegen  0.11/turn              h - +4 ring of dexterity
MPRegen  0.08/turn              g - +6 ring of intelligence

@: brilliant, very slow
A: large, see invisible, deformed body, poison resistance, slowness 2, slow
metabolism 1, spit poison 1, AC +1
a: Spit Poison


You were on level 2 of the Dungeon.
You were not hungry.

You visited 1 branch of the dungeon, and saw 2 of its levels.

You collected 68 gold pieces.

Inventory:

Hand Weapons
 a - a +2 dagger (weapon)
 k - a +2 mace of protection
Missiles
 d - 7 poisoned darts (quivered)
 e - 2 curare-tipped darts
Armour
 b - a +0 robe (worn)
 c - a +0 cloak (worn)
Jewellery
 g - a +6 ring of intelligence (right hand)
 h - a +4 ring of dexterity (left hand)
Scrolls
 l - 2 scrolls of identify
Comestibles
 f - 3 rations
 i - 2 chunks of flesh


   Skills:
 * Level 2.5 Fighting
 * Level 2.5 Short Blades
 - Level 1.7 Throwing
 - Level 0.7 Dodging
 * Level 6.3 Stealth


You had 2 spell levels left.
You didn't know any spells.
Your spell library was empty.

Dungeon Overview and Level Annotations

Branches:
Dungeon (2/15)

Altars:


Innate Abilities, Weirdness & Mutations

You cannot wear boots.
Your serpentine skin is tough. (AC +1)
You have supernaturally acute eyesight. (SInv)
Armour fits poorly on your strangely shaped body.
Your system is resistant to poisons. (rPois)
You cover ground very slowly.
You have a slow metabolism.
You can spit poison.


Message History

The orc is moderately wounded.
A dart slug comes into view.
You hit the orc.
The orc is heavily wounded.
Okay, then.
It was a potion of brilliance.
You feel clever all of a sudden. The orc hits you with a +0 short sword.
The orc hits you.
The orc priest invokes the aid of Beogh against you.
Beogh smites you! The orc barely misses you.
The orc hits you with a +0 short sword. The orc hits you.
The orc priest mumbles some strange prayers to Beogh against you.
Beogh smites you!
* * * LOW HITPOINT WARNING * * *
The orc closely misses you.
There is a stone staircase leading down here.
The orc hits you but does no damage. The orc closely misses you.
The dart slug launches a dart at you. The slug dart hits you.
You die...

#.#.# #.#
#.#.# #.#
#.#?# #<#
###[#.# #.#
#.....# #.#
####.....# #.#
........o# #.#
#...%w.oo###.#
........@....#
...?...#######
##.#### #. .


You could see an orc priest, a dart slug and 2 orcs.

Vanquished Creatures
  4 bats (D:1)
  2 giant cockroaches (D:2)
  3 goblins (D:1)
  4 hobgoblins
  3 kobolds (D:1)
  A quokka (D:2)
  A ball python (D:1)
  2 frilled lizards (D:1)
  4 rats (D:1)
24 creatures vanquished.

Notes
Turn   | Place    | Note
-------+----------+-------------------------------------------
     0 | D:1      | Amplified the Naga Assassin began the quest for the Orb.
     0 | D:1      | Reached XP level 1. HP: 19/19 MP: 1/1
   209 | D:1      | Reached skill level 6 in Stealth
   324 | D:1      | Reached XP level 2. HP: 26/26 MP: 2/2
  1005 | D:2      | Reached XP level 3. HP: 29/33 MP: 3/3
  1069 | D:2      | Killed from afar by a dart slug

Levels and vault maps discovered:
D:1:      dpeg_arrival_shelter, layout_rooms, serial_glass, glass_columns_a,
          glass_columns_a, serial_bayou_ford_a
D:2:      cheibrodos_old_hovel, layout_loops_ring, minmay_pentomino_v4

Skill      XL: |  1 |
---------------+----+-----
Stealth        | 6 |  6.3
Fighting       | |  2.5
Short Blades   | |  2.5
Throwing       | |  1.7
Dodging        | |  0.7

Action                   || total
-------------------------++-------
Melee: Dagger            ||    82
Throw: Dart              ||     5
  Use: Scroll            ||     4
       Potion            ||     3
Armor: Robe              ||    20
Dodge: Dodged            ||    51
